 Dungeon Crawl Stone Soup version 0.30-a0-1114-gd936c97349 (webtiles) character file.

Game seed: 3017557287330538664

31 Sobieck the Gusty (level 3, 0/24 HPs)
             Began as a Human Air Elementalist on Apr 20, 2023.
             Slain by a phantom (5 damage)
             ... on level 1 of the Dungeon.
             The game lasted 00:02:03 (1715 turns).

Sobieck the Gusty (Human Air Elementalist)          Turns: 1715, Time: 00:02:04

Health: 0/24       AC:  3    Str:  8    XL:     3   Next: 40%
Magic:  5/6        EV: 12    Int: 17    God:
Gold:   70         SH:  0    Dex: 13    Spells: 4/7 levels left

rFire   . . .      SeeInvis .    j - +0 whip {mace}
rCold   . . .      Faith    .    (no shield)
rNeg    . . .      Spirit   .    a - +0 robe
rPois   .          Reflect  .    (no helmet)
rElec   .          Rampage  .    r - +0 cloak
rCorr   .                        (no gloves)
Will    .....                    (no boots)
Stlth   ++                       (no amulet)
HPRegen 0.24/turn                (no ring)
MPRegen 0.10/turn                (no ring)

@: no status effects
A: no striking features
a: no special abilities


You were on level 1 of the Dungeon.
You visited 1 branch of the dungeon, and saw 2 of its levels.

You collected 70 gold pieces.


   Skills:
 - Level 2.0 Dodging
 - Level 2.0 Stealth
 + Level 2.5 Spellcasting
 + Level 1.9 Conjurations
 + Level 3.4 Air Magic


You had 4 spell levels left.
You knew the following spells:

 Your Spells              Type           Power      Damage    Failure   Level
a - Shock                 Conj/Air       44%        1d5       6%          1
b - Static Discharge      Conj/Air       22%        2-3/arc   10%         2

Your spell library contained the following spells:

 Spells                   Type           Power      Damage    Failure   Level
 Swiftness                Air            13%        N/A       14%         3
 Airstrike                Air            6%         2d(1-17)  41%         4

Inventory:

Hand Weapons
 j - a +0 whip (weapon) {mace}
   (You found it on level 1 of the Dungeon)
Missiles
 g - 13 stones {throwing}
 p - 2 poisoned darts {throwing}
Armour
 a - a +0 robe (worn)
 d - a +0 leather armour
   (You found it on level 1 of the Dungeon)
 f - a +0 robe
   (You found it on level 1 of the Dungeon)
 i - a +0 robe
   (You found it on level 1 of the Dungeon)
 m - a +0 ring mail
   (You found it on level 1 of the Dungeon)
 o - a +0 leather armour
   (You found it on level 1 of the Dungeon)
 r - a +0 cloak (worn)
   (You found it on level 2 of the Dungeon)
Scrolls
 e - a scroll of teleportation {unknown}
 k - a scroll of enchant armour {unknown}
 l - 2 scrolls of identify {unknown}
 n - a scroll of immolation {unknown}
 q - a scroll of brand weapon {unknown}
Potions
 c - a potion of curing {unknown}
 h - a potion of heal wounds {unknown}

Dungeon Overview and Level Annotations

Branches:
Dungeon (2/15) Zot: 10280

Altars:

##..############.# #.# #≈#..
##..# #.# ##'######≈#.≈ ....# #.#
##...#...###.~ ....# ###
#.###........##..# #.###
##.###.##.......#≈..#..
#.#########...##.#........≈≈≈##..
...........................+.....
#.#########................####..
#.# ##.###@##.......## #.. #.#
#.# #W###.....## ##. #.## #.###.#
#....## #. .#.# #§#...# #.#+## #.
#.## #.#.#####.#.# #. #.#
#.........#.# #. #.#
#§#.###.###.###### #. #.# #.#.#
#.##.......# #. ..#
#.#.###.#.....##.# #.


You could see a phantom.


Message History

Unknown command.
You closely miss the adder.
You feel sick. The adder bites you.
* * * LOW HITPOINT WARNING * * *
Unknown command.
You hit the adder.
You kill the adder!
You feel sick.
Unknown command.
You start resting.
You feel sick.
You are no longer poisoned.
You start resting.
A ball python is nearby!
Danger!
Unknown command.
There is an open door here.
You see here a quokka corpse.
You start resting.
Unknown command.
Unknown command.
Unknown command.
You see here a quokka corpse.
There is an open door here.
You see here a ball python corpse.
A phantom comes into view.
You see here a rat corpse.
Danger!
The zap hits the phantom.
Unknown command.
You see here a ball python corpse.
Danger!
Unknown command.
There is an open door here.
You see here a quokka corpse.
Unknown command.
The zap hits the ball python.
The zap hits the phantom.
Unknown command.
The ball python attacks as you move away!
The ball python barely misses you.
There is a stone staircase leading up here.
Unknown command.
The zap misses the ball python.
The ball python bites you but does no damage.
The ball python closely misses you.
The zap hits the ball python.
You kill the ball python!
Unknown command.
You climb upwards.
There is a stone staircase leading down here.
Unknown command.
Unknown command.
You start resting.
Unknown command.
You climb downwards.
There is a stone staircase leading up here.
Danger!
Unknown command.
Unknown command.
The zap hits the phantom.
Unknown command.
The phantom hits you.
You climb upwards.
There is a stone staircase leading down here.
Unknown command.
The zap misses the phantom.
The phantom hits you.
Unknown command.
The zap misses the phantom.
The phantom closely misses you.
Unknown command.
The zap misses the phantom.
The phantom hits you.
Unknown command.
You are too injured to fight recklessly!
Unknown command.
You are too injured to fight recklessly!
Unknown command.
Okay, then.
Unknown command.
Casting: Shock (safe; 6% risk of failure)
Confirm with . or Enter, or press ? or * to list all spells.
Aiming: Shock (safe; 6% risk of failure)
Press: ? - help, Shift-Dir - straight line, f/p - phantom
Aim: a phantom (lightly damaged, 56% to hit)
The zap hits the phantom.
The phantom hits you.
The phantom blinks!
You blink.
Casting: Shock (safe; 6% risk of failure)
Confirm with . or Enter, or press ? or * to list all spells.
Aiming: Shock (safe; 6% risk of failure)
Press: ? - help, Shift-Dir - straight line, f/p - phantom
Aim: a phantom (lightly damaged, 56% to hit)
The zap hits the phantom.
The phantom hits you.
* * * LOW HITPOINT WARNING * * *
Unknown command.
Magic courses through your body. The phantom hits you.
* * * LOW HITPOINT WARNING * * *
The phantom blinks!
You blink.
Casting: Shock (safe; 6% risk of failure)
Confirm with . or Enter, or press ? or * to list all spells.
Aiming: Shock (safe; 6% risk of failure)
Press: ? - help, Shift-Dir - straight line, f/p - phantom
Aim: a phantom (lightly damaged, 56% to hit)
The zap hits the phantom.
The phantom hits you.
You die...

Action                     || total
---------------------------++-------
  Melee: Whip              ||    19
   Cast: Shock             ||    48
    Use: Potion            ||     1
 Armour: Robe              ||     3
  Dodge: Dodged            ||    16

Levels and vault maps discovered:
D:1:      zelgadis_glass_arrival_small, layout_loops_corners,
          grunt_decor_mini_mirrors, kennysheep_minor_cross,
          chequers_serial_rivers_small_b, nicolae_eternal_life
D:2:      layout_basic, chequers_serial_rivers_large_b

Notes
Turn   | Place    | Note
-------+----------+-------------------------------------------
     0 | D:1      | Sobieck the Human Air Elementalist began the quest for the
                  | Orb.
     0 | D:1      | Reached XP level 1. HP: 13/13 MP: 3/3
   557 | D:1      | Reached XP level 2. HP: 19/19 MP: 3/5
   920 | D:1      | Learned a level 2 spell: Static Discharge
  1569 | D:2      | Reached XP level 3. HP: 24/24 MP: 0/6
  1660 | D:2      | Noticed a phantom
  1714 | D:1      | HP: 5/24 [phantom (3)]
  1715 | D:1      | Slain by a phantom

Vanquished Creatures
  An adder (D:2)
  A dart slug (D:2)
  2 bats (D:2)
  5 endoplasms
  A giant cockroach (D:1)
  A goblin (D:1)
  A quokka (D:2)
  2 ball pythons (D:2)
  A frilled lizard (D:1)
  4 rats
19 creatures vanquished.

Table legend:
 A = Non-vault XP
 B = Vault XP
 C = Vault XP percentage of total XP
 D = Non-vault monster count
 E = Vault monster count
 F = Vault count percentage of total count
                 A         B        C        D         E       F
            +---------+---------+-------+---------+---------+-------
      Total |      45 |       0 |   0.0 |      19 |       0 |   0.0
            +---------+---------+-------+---------+---------+-------
        D:1 |      15 |       0 |   0.0 |       9 |       0 |   0.0
        D:2 |      30 |       0 |   0.0 |      10 |       0 |   0.0
            +---------+---------+-------+---------+---------+-------

Illustrated notes

Table legend:
 A = Kills in this place as a percentage of kills in the entire game.
 B = Kills by you in this place as a percentage of kills by you in the entire game.
 C = Kills by friends in this place as a percentage of kills by friends in the entire game.
 D = Other kills in this place as a percentage of other kills in the entire game.
 E = Experience gained in this place as a percentage of experience gained in the entire game.
 F = Experience gained in this place divided by the number of levels of this place that you have seen.
                   A       B       C       D       E      F
               +-------+-------+-------+-------+-------+----------------------
         Total | 100.0 | 100.0 |   N/A |   N/A | 100.0 |  22.5
       Dungeon | 100.0 | 100.0 |   N/A |   N/A | 100.0 |  22.5
               +-------+-------+-------+-------+-------+----------------------

Table legend: (Time is in decaauts)
 A = Elapsed time spent in this place.
 B = Non-inter-level travel time spent in this place.
 C = Inter-level travel time spent in this place.
 D = Time resting spent in this place.
 E = Time spent auto-exploring this place.
 F = Levels seen in this place.
 G = Mean time per level.
                   A        B        C        D        E       F      G
               +--------+--------+--------+--------+--------+-----+--------+
         Total |   1718 |   1701 |     17 |    100 |   1438 |   2 |  859.0 |
       Dungeon |   1718 |   1701 |     17 |    100 |   1438 |   2 |  859.0 |
               +--------+--------+--------+--------+--------+-----+--------+

Top non-repeatable levels by time:
     D:1: 1294 daAuts
     D:2: 423 daAuts
